AoeStats
← jose_2616

Fortress

509534493Analyzed
2v2 RM · 4d ago on Sep 27, 2026· 68m 46s· 4 players
Game mode
Random Map
Map size
Normal (6 player)
Population
200
Speed
Normal
Resources
Standard
Victory
Conquest
Starting age
Dark Age
Ending age
Imperial Age
RankedLock teamsTeams togetherTeam positionsShared explorationLock speedFull tech treeHidden civsTurbo modeCheats
Victory
Defeat
🇵🇦 Spanish · Panama
910
+12
🇵🇦 Lithuanians · Panama
737
+19
🇺🇸 Franks · United States
815
-16
🇺🇸 Goths · United States
792
-15
DevotedManx6511
7:38 Feudal Age
16:34 Castle Age
15:10 Double-Bit Axe
15:27 Gold Mining
20:13 Gold Shaft Mining
19:30 Stone Mining
21:04 Bow Saw
22:53 Wheelbarrow
23:48 Husbandry
25:37 Hand Cart
30:05 Imperial Age
30:31 Cavalier
31:36 Scale Barding Armor
31:22 Elite Throwing Axeman
33:34 Chain Barding Armor
33:55 Paladin
36:04 Ordonnance Companies
38:10 Caravan
39:45 Plate Barding Armor
39:52 Onager
48:30 Light Cavalry
49:07 Pikeman
49:48 Squires
49:34 Arson
49:35 Gambesons
54:22 Halberdier
57:46 Padded Archer Armor
57:46 Scale Mail Armor
57:58 Forging
57:38 Fletching
58:18 Caravan
60:25 Leather Archer Armor
60:25 Chain Mail Armor
60:46 Iron Casting
61:19 Elite Skirmisher
64:15 Plate Mail Armor
mosesdretg
7:16 Feudal Age
7:45 Double-Bit Axe
15:01 Castle Age
13:00 Horse Collar
15:54 Bow Saw
15:59 Heavy Plow
17:03 Loom
17:54 Wheelbarrow
18:05 Man-at-Arms
21:21 Long Swordsman
22:43 Hand Cart
23:21 Pikeman
27:43 Imperial Age
27:13 Squires
27:27 Scale Mail Armor
29:53 Two-Man Saw
28:32 Halberdier
29:31 Anarchy
31:04 Chain Mail Armor
31:31 Elite Huskarl
32:17 Gold Mining
32:49 Capped Ram
36:55 Crop Rotation
36:49 Perfusion
38:51 Forging
46:14 Iron Casting
50:49 Ballistics
51:38 Blast Furnace
53:14 Two-Handed Swordsman
53:45 Champion
jose_2616
0:41 Loom
9:55 Feudal Age
13:38 Horse Collar
17:48 Castle Age
16:48 Forging
16:50 Double-Bit Axe
17:59 Scale Barding Armor
20:59 Imperial Age
22:32 Iron Casting
22:03 Husbandry
22:15 Bloodlines
29:19 Elite Leitis
32:59 Conscription
33:14 Chain Barding Armor
33:19 Bow Saw
34:32 Plate Barding Armor
34:37 Wheelbarrow
33:50 Town Watch
35:25 Two-Man Saw
34:30 Heavy Plow
35:23 Fortified Wall
35:25 Masonry
36:58 Hand Cart
36:45 Town Patrol
38:11 Ballistics
38:37 Crop Rotation
39:42 Chemistry
41:12 Tower Shields
41:17 Hill Forts
41:28 Fletching
42:24 Bodkin Arrow
44:28 Caravan
45:02 Architecture
44:27 Guard Tower
47:13 Keep
54:17 Gold Mining
57:40 Crossbowman
58:33 Thumb Ring
58:35 Bracer
58:37 Padded Archer Armor
62:28 Leather Archer Armor
Sir Eroz
1:46 Loom
8:25 Feudal Age
9:07 Horse Collar
9:14 Double-Bit Axe
10:16 Forging
10:08 Scale Mail Armor
10:02 Man-at-Arms
11:22 Wheelbarrow
11:52 Gold Mining
12:36 Arson
18:50 Castle Age
19:00 Long Swordsman
19:27 Gambesons
19:43 Squires
20:21 Iron Casting
20:10 Bow Saw
20:15 Husbandry
20:26 Bloodlines
20:36 Chain Mail Armor
22:30 Hand Cart
26:31 Fletching
27:05 Heavy Plow
28:28 Town Watch
30:41 Town Patrol
33:56 Imperial Age
33:16 Stone Mining
34:46 Bodkin Arrow
35:52 Blast Furnace
35:12 Pikeman
36:34 Plate Mail Armor
36:05 Bracer
36:58 Halberdier
39:36 Chemistry
38:57 Ballistics
39:06 Conscription
39:26 Hoardings
39:57 Caravan
40:44 Fortified Wall
40:45 Masonry
41:20 Stone Shaft Mining
41:37 Guard Tower
42:55 Devotion
42:24 Elite Conquistador
46:31 Elite Skirmisher
47:16 Thumb Ring
47:55 Two-Handed Swordsman
52:58 Two-Man Saw
53:07 Champion
54:53 Capped Ram
56:09 Architecture
61:22 Siege Ram
61:29 Light Cavalry
66:32 Block Printing
66:38 Sanctity
68:21 Keep
67:34 Arrowslits
67:58 Scale Barding Armor
68:45 Supremacy
Connection lost

Rejoining the realm…

Still unreachable

The connection could not be restored.

Session expired

The server has moved on; the page needs a fresh start.